 Dungeon Crawl Stone Soup version 0.20-a0-959-gdc9e609 (webtiles) character file.

61784 Krul the Severer (level 14, -2/115 HPs)
             Began as a Demonspawn Fighter on Apr 6, 2017.
             Was the Champion of Okawaru.
             Slain by a sun demon (13 damage)
             ... summoned by an orc sorcerer
             ... while paralysed by an orc sorcerer
             ... on level 2 of the Orcish Mines on Apr 7, 2017.
             The game lasted 01:18:56 (30765 turns).

Krul the Severer (Demonspawn Fighter)              Turns: 30765, Time: 01:18:56

Health: -2/115     AC: 24    Str: 23    XL:     14   Next: 61%
Magic:  17/17      EV:  2    Int: 14    God:    Okawaru [******]
Gold:   1491       SH:  0    Dex: 14    Spells: 13/13 levels left

rFire    + . .     SeeInvis +   n - +3 war axe (elec)
rCold    + + .     Gourm    .   N - +2 shield
rNeg     . . .     Faith    .   e - +0 gold dragon scales
rPois    +         Spirit   .   (helmet unavailable)
rElec    .         Reflect  .   q - +1 cloak
rCorr    .         Harm     .   m - +2 pair of gloves "Huxal" {rC+ Str+3}
MR       ++...                  (no boots)
Stlth    ..........             (no amulet)
Regen    0.3/turn               M - +4 ring of strength
MPRegen  0.2/turn               w - ring of protection from magic

@: paralysed, drained
A: antennae 3, yellow scales 1, nightstalker 1, powered by pain 1
a: Heroism, Finesse, Renounce Religion


You were on level 2 of the Orcish Mines.
You worshipped Okawaru.
Okawaru was exalted by your worship.
You were hungry.

You visited 4 branches of the dungeon, and saw 20 of its levels.

You collected 1699 gold pieces.
You spent 208 gold pieces at shops.

Inventory:

Hand Weapons
 n - a +3 war axe of electrocution (weapon)
 s - a +2 demon trident of venom
 H - a +1 broad axe of electrocution
Missiles
 c - 2 throwing nets (quivered)
Armour
 a - a +0 cloak of invisibility
 e - +0 gold dragon scales (worn)
 m - the +2 pair of gloves "Huxal" (worn) {rC+ Str+3}
   (Okawaru gifted it to you on level 5 of the Lair of Beasts)

   It affects your strength (+3).
   It protects you from cold.
 q - a +1 cloak (worn)
 N - a +2 shield (worn)
Jewellery
 w - a ring of protection from magic (right hand)
 B - an uncursed ring of protection from cold
 M - a +4 ring of strength (left hand)
Wands
 p - a wand of disintegration (9/24)
 u - a wand of paralysis (13/24)
 A - a wand of lightning (6/15)
 C - a wand of disintegration (11/24)
 E - a wand of digging (14/24)
 F - a wand of polymorph (11/24)
 Q - a wand of scattershot (4/9)
 R - a wand of flame (16/48)
Scrolls
 b - 3 scrolls of fear
 i - 3 scrolls of recharging
 j - 8 scrolls of remove curse
 K - 2 scrolls of teleportation
 O - a scroll of identify
 P - a scroll of magic mapping
Potions
 g - 4 potions of flight
 h - 2 potions of resistance
 k - a potion of invisibility
 l - a potion of curing
 D - 4 potions of haste
 L - 5 potions of heal wounds
Miscellaneous
 o - a fan of gales
 y - a phantom mirror
Comestibles
 f - 4 bread rations
 r - 3 chunks of flesh
 G - 6 meat rations


   Skills:
 - Level 12.1(11.5) Fighting
 - Level 16.5(15.9) Axes
 + Level 10.0(9.4) Armour
 - Level 7.5(7.0) Dodging
 - Level 3.0(2.6) Shields
 + Level 4.1(3.6) Evocations


You had 13 spell levels left.
You didn't know any spells.

Dungeon Overview and Level Annotations

Branches:
Dungeon (11/15)            Temple (1/1) D:7            Lair (6/6) D:11
  Swamp (0/4) Lair:4        Snake (0/4) Lair:4        Slime (0/5) Lair:6
    Orc (2/2) D:9
    Elf: Orc:2

Altars:
Ashenzari
Cheibriados
Dithmenos
Elyvilon
Fedhas
Gozag
Hepliaklqana
Kikubaaqudgha
Makhleb
Okawaru
Qazlal
Ru
Sif Muna
Trog
Uskayaw
Vehumet
Wu Jian
Xom
Yredelemnul
Zin
The Shining One

Shops:
D:6 (   Orc:1 (   Orc:2 }

Annotations:
D:2 1 runed door


Innate Abilities, Weirdness & Mutations

You have a pair of large antennae on your head. (SInv)
You are partially covered in yellow scales. (AC +2)
You are slightly more attuned to the shadows.
You sometimes gain a little power by taking damage.


Message History

The ynoxinul hits you.
The red devil hits you but does no damage.
The orc sorcerer hits you but does no damage.
The sun demon hits you but does no damage.
The ynoxinul hits you but does no damage.
The red devil hits you but does no damage.
The orc sorcerer hits you but does no damage.
The red devil disappears in a puff of smoke!
The sun demon hits you!
* * * LOW HITPOINT WARNING * * *
You are engulfed in flames!
You resist.
* * * LOW HITPOINT WARNING * * *
The ynoxinul completely misses you. The sun demon hits you.
* * * LOW HITPOINT WARNING * * *
You are engulfed in flames!
You resist.
* * * LOW HITPOINT WARNING * * *
The orc sorcerer hits you but does no damage.
The ynoxinul gestures.
The sun demon hits you!
You die...

####.#.## #.#.......
...^...#.. ##.....#...
#.. ##.....<............
#..#.[.#.............. .
#....[<)53..$.....o.. ..
#......[5@o..........#..#
##........3......o..$$...
##∩...§.................
#......5........<......
##.##....#...$o........
## ###.####...#.......
##. .....#....... ....
.....o.. .... ........


You could see a sun demon, a ynoxinul, an orc sorcerer and 3 ufetubi.

Vanquished Creatures
  An orc warlord (Orc:2)
  Snorg (Lair:3)
  Fannar (D:11)
  Harold (Lair:2)
  3 hydras
  4 catoblepae
  Erica (Lair:1)
  A two-headed ogre (D:9)
  2 orc high priests
  7 death yaks
  Urug (D:11)
  3 orc sorcerers
  2 orc knights
  2 cyclopes (D:11)
  2 manticores (Lair:6)
  Joseph (D:9)
  6 black mambas
  20 spiny frogs
  A gargoyle (D:11)
  An eye of devastation (Lair:6)
  2 torpor snails
  7 komodo dragons
  4 rime drakes
  A polar bear (Lair:5)
  5 trolls
  A hornet (Lair:1)
  Prince Ribbit (D:7)
  5 blink frogs (Lair:6)
  8 hippogriffs
  21 dream sheep
  Sigmund (D:2)
  3 wyverns
  48 yaks
  4 hogs
  A wraith (D:11)
  Grum (Lair:1)
  2 basilisks
  A human (D:7)
  A steam dragon (D:7)
  6 wargs
  2 soldier ants
  Duvessa (D:7)
  11 water moccasins
  9 porcupines
  16 orc warriors
  2 eyes of draining
  2 ice beasts
  6 sky beasts
  3 black bears
  8 ogres
  A necrophage (D:11)
  23 wolves
  14 crocodiles
  3 centaurs
  3 big kobolds
  19 bullfrogs
  Dowan (D:7)
  A gnoll sergeant (D:8)
  4 scorpions
  3 electric eels (Lair:1)
  14 wights
  4 howler monkeys
  A centaur zombie (D:7)
  5 crimson imps
  3 bullfrog zombies
  4 jellies
  8 orc priests
  12 orc wizards
  9 hounds
  4 bullfrog skeletons
  Jessica (D:2)
  6 iguanas
  2 hell rats
  7 worker ants
  A worker ant zombie (D:9)
  14 adders
  9 gnolls
  A howler monkey skeleton (D:4)
  4 shadow imps
  An ooze (D:3)
  3 adder skeletons
  4 worms
  2 dart slugs
  5 leopard geckos
  67 orcs
  6 bats
  5 giant cockroaches
  4 hobgoblins
  11 jackals
  18 kobolds
  8 quokkas
  3 ball pythons
  3 frilled lizards
  5 goblins
  A leopard gecko skeleton (D:8)
  A leopard gecko zombie (D:9)
  A quokka zombie (D:7)
  7 rats
  4 fungi
  4 plants
588 creatures vanquished.

Vanquished Creatures (others)
  15 fungi
  9 plants
24 creatures vanquished.

Grand Total: 612 creatures vanquished

Notes
Turn   | Place    | Note
-------+----------+-------------------------------------------
     0 | D:1      | Krul the Demonspawn Fighter began the quest for the Orb.
     0 | D:1      | Reached XP level 1. HP: 18/18 MP: 1/1
   239 | D:1      | Gained mutation: You have a pair of small antennae on your head. [demonic ancestry]
   239 | D:1      | Reached XP level 2. HP: 24/24 MP: 2/2
   296 | D:1      | Reached skill level 2 in Axes
   953 | D:1      | Gained mutation: You sometimes gain a little power by taking damage. [demonic ancestry]
   953 | D:1      | Reached XP level 3. HP: 12/29 MP: 3/3
  1658 | D:2      | Noticed Sigmund
  1736 | D:1      | Reached skill level 3 in Axes
  1874 | D:2      | Noticed Jessica
  1878 | D:2      | Killed Jessica
  1878 | D:2      | Gained mutation: You are slightly more attuned to the shadows. [demonic ancestry]
  1878 | D:2      | Reached XP level 4. HP: 35/35 MP: 4/4
  1947 | D:2      | Killed Sigmund
  1947 | D:2      | Reached skill level 5 in Axes
  1947 | D:2      | Reached XP level 5. HP: 36/41 MP: 5/5
  2068 | D:2      | Found a runed door.
  2409 | D:3      | Found a deep blue altar of Sif Muna.
  2562 | D:3      | Reached XP level 6. HP: 46/47 MP: 6/6
  3017 | D:3      | Found a shimmering altar of Xom.
  3732 | D:4      | Reached skill level 6 in Axes
  4045 | D:4      | Found an ornate altar of the Wu Jian Council.
  4045 | D:4      | Found a hide-covered altar of Uskayaw.
  4269 | D:4      | Reached XP level 7. HP: 50/52 MP: 7/7
  4289 | D:4      | Reached skill level 7 in Axes
  4619 | D:5      | Entered Level 5 of the Dungeon
  4954 | D:5      | Found a shimmering altar of Xom.
  5017 | D:5      | Found a shattered altar of Ashenzari.
  5064 | D:5      | Noticed a steam dragon
  5064 | D:5      | Noticed a steam dragon
  5242 | D:5      | Reached skill level 8 in Axes
  5650 | D:6      | Gained mutation: You have a pair of antennae on your head. [demonic ancestry]
  5650 | D:6      | Reached XP level 8. HP: 56/58 MP: 8/8
  5690 | D:6      | Found a snail-covered altar of Cheibriados.
  5699 | D:6      | Found a shadowy altar of Dithmenos.
  5768 | D:6      | Found a hazy altar of Hepliaklqana.
  5872 | D:6      | Found Kucheror's Weapon Shoppe.
  5876 | D:6      | Bought a +0 broad axe for 52 gold pieces
  5919 | D:6      | Reached skill level 9 in Axes
  6689 | D:7      | Found a staircase to the Ecumenical Temple.
  6704 | Temple   | Entered the Ecumenical Temple
  6767 | Temple   | Became a worshipper of Warmaster Okawaru
  6907 | D:7      | Noticed Duvessa
  6915 | D:7      | Noticed Dowan
  6926 | D:7      | Killed Duvessa
  7304 | D:7      | Reached skill level 10 in Axes
  7479 | D:6      | Gained mutation: You are partially covered in yellow scales. (AC +2) [demonic ancestry]
  7479 | D:6      | Reached XP level 9. HP: 36/63 MP: 9/9
  7627 | D:6      | Reached * piety under Okawaru
  7700 | D:7      | Reached skill level 11 in Axes
  8169 | D:7      | Noticed Prince Ribbit
  8196 | D:7      | Killed Prince Ribbit
  8527 | D:7      | Reached ** piety under Okawaru
  8527 | D:7      | Reached skill level 12 in Axes
  8744 | D:7      | Killed Dowan
  9982 | D:8      | Reached skill level 5 in Fighting
 10056 | D:9      | Noticed a two-headed ogre
 10090 | D:8      | Reached XP level 10. HP: 74/74 MP: 10/10
 10640 | D:8      | Identified a scroll of acquirement
 10989 | D:9      | Noticed Joseph
 11410 | D:9      | Killed Joseph
 11795 | D:9      | Found a staircase to the Orcish Mines.
 11829 | D:9      | Reached *** piety under Okawaru
 11931 | D:9      | Killed a two-headed ogre
 12398 | D:10     | Entered Level 10 of the Dungeon
 13805 | D:10     | Reached skill level 10 in Fighting
 14047 | D:10     | Reached **** piety under Okawaru
 14309 | D:10     | Reached skill level 1 in Dodging
 14396 | D:9      | Reached XP level 11. HP: 42/91 MP: 11/11
 15413 | D:11     | Reached ***** piety under Okawaru
 16109 | D:11     | Reached skill level 5 in Armour
 16321 | D:11     | Noticed a death yak
 16321 | D:11     | Noticed Fannar
 16322 | D:11     | Noticed a death yak
 16383 | D:10     | Killed a death yak
 16695 | D:11     | Noticed a death yak
 17381 | D:11     | Killed Fannar
 17477 | D:11     | Found a staircase to the Lair.
 17697 | D:11     | Noticed Urug
 17716 | D:11     | Killed Urug
 17926 | D:11     | Received a gift from Okawaru
 18266 | D:11     | Killed a death yak
 18266 | D:11     | Gained mutation: You have a pair of large antennae on your head. (SInv) [demonic ancestry]
 18266 | D:11     | Reached XP level 12. HP: 57/97 MP: 12/12
 18741 | Lair:1   | Entered Level 1 of the Lair of Beasts
 18838 | Lair:1   | Noticed Erica
 18851 | Lair:1   | Killed Erica
 18995 | Lair:1   | Noticed Grum
 19029 | Lair:1   | Killed Grum
 19029 | Lair:1   | Reached skill level 13 in Axes
 19484 | Lair:1   | Reached ****** piety under Okawaru
 20559 | Lair:2   | Received a gift from Okawaru
 20771 | Lair:2   | Reached skill level 14 in Axes
 21151 | Lair:2   | Noticed Harold
 21163 | Lair:2   | Killed Harold
 21370 | Lair:2   | Received a gift from Okawaru
 21659 | Lair:3   | Noticed an eight-headed hydra
 21673 | Lair:3   | Killed an eight-headed hydra
 21700 | Lair:3   | Received a gift from Okawaru
 21750 | Lair:3   | Noticed Snorg
 21797 | Lair:3   | Killed Snorg
 21797 | Lair:3   | Reached skill level 15 in Axes
 22604 | Lair:3   | Reached XP level 13. HP: 73/103 MP: 13/13
 22723 | Lair:3   | Got a translucent whip
 22724 | Lair:3   | Identified the +5 whip "Gabruc" {holy, rF++ rC- rN+ Dex+3} (You found it on level 3 of the Lair of Beasts)
 23062 | Lair:4   | Found a staircase to the Swamp.
 23703 | Lair:4   | Found a staircase to the Snake Pit.
 24066 | Lair:4   | Reached skill level 16 in Axes
 25543 | Lair:6   | Entered Level 6 of the Lair of Beasts
 26550 | Lair:6   | Reached skill level 5 in Dodging
 27440 | Lair:5   | Received a gift from Okawaru
 27443 | Lair:5   | Got a pair of bloodstained gloves {god gift}
 27640 | Lair:5   | Identified the +2 pair of gloves "Huxal" {rC+ Str+3} (Okawaru gifted it to you on level 5 of the Lair of Beasts)
 27665 | Lair:6   | Reached XP level 14. HP: 106/110 MP: 14/14
 27943 | Lair:6   | Got a crude trident
 27944 | Lair:6   | Identified the cursed +0 trident of Greatest Utility {freeze, Dex+2} (You found it on level 6 of the Lair of Beasts)
 28045 | Lair:6   | Found a staircase to the Slime Pits.
 29230 | Orc:1    | Entered Level 1 of the Orcish Mines
 29248 | D:9      | Reached skill level 1 in Evocations
 29462 | Orc:2    | Entered Level 2 of the Orcish Mines
 29462 | Orc:2    | Noticed an orc warlord
 30055 | Orc:1    | Received a gift from Okawaru
 30391 | Orc:1    | Found Keibinuw's Antique Weapon Shoppe.
 30398 | Orc:1    | Bought a glowing war axe for 156 gold pieces
 30550 | Orc:2    | Found Celeusis's Gadget Shop.
 30605 | Orc:2    | Killed an orc warlord
 30605 | Orc:2    | Reached skill level 10 in Armour
 30759 | Orc:2    | Paralysed by an orc sorcerer for 6 turns
 30765 | Orc:2    | Slain by a sun demon

Vault maps used:
D:1:      scummos_arrival_hexagon, serial_park_tiny_pond
D:2:      uniq_sigmund, uniq_jessica, uniq_crazy_yiuf_cottage
D:3:      lemuel_blue_sif_altar, nicolae_overflow_crystal_walls,
          hangedman_abyss_or_decor_lesser_grid
D:4:      gammafunk_temple_overflow_elements, first_bread
D:5:      kennysheep_steamy, kennysheep_little_box, basic_altar
D:6:      grunt_temple_overflow_open, serial_shops, shop
D:7:      minmay_temple_entry_junction, grunt_livestock,
          kennysheep_another_room, uniq_prince_ribbit1, uniq_duvessa
D:9:      orc_0_dummy, minmay_misc_feat_roman, uniq_joseph
D:11:     wad_river_or_something, dpeg_lair_monsters,
          portal_ice_cave_entry_pillars_1, uniq_urug, uniq_fannar
Temple:   eino_temple_water
Lair:1:   serial_bayou_shore_a, infiniplex_staircase_pool, uniq_grum, uniq_erica
Lair:2:   minmay_hedge_maze, uniq_harold
Lair:3:   nicolae_quartered_pool_medium, uniq_snorg
Lair:4:   swamp_mist_pool, dummy_snake_entry
Lair:6:   evilmike_catoblepas_cave, minmay_slime_entry_eyes
Orc:1:    serial_shops, shop_statue
Orc:2:    st_orc_mages, serial_shops, nicolae_shop_crystal, shop, shop,
          nicolae_shop_stone, shop

Skill      XL: |  1  2  3  4  5  6  7  8  9 10 11 12 13 14 |
---------------+-------------------------------------------+-----
Shields        | 3 |  3.0
Axes           | 2 3 5 6 8 10 12 15 16 | 16.5
Fighting       | 5 10 12 | 12.1
Dodging        | 1 7 |  7.5
Armour         | 3 9 10 | 10.0
Evocations     | 4 |  4.1

Action                   |  1- 3 |  4- 6 |  7- 9 | 10-12 | 13-15 || total
-------------------------+-------+-------+-------+-------+-------++-------
Melee: War axe           |    94 |    95 |     4 |   155 |    48 ||   396
       Dagger            |       |    56 |   581 |   579 |       ||  1216
       Trident           |       |       |       |    36 |       ||    36
       Demon trident     |       |       |       |   410 |    19 ||   429
       Broad axe         |       |       |       |    56 |   573 ||   629
Throw: Throwing net      |       |       |       |     2 |       ||     2
Invok: Heroism           |       |       |     1 |     5 |       ||     6
 Abil: Evoke Invisibilit |       |       |       |       |     1 ||     1
Evoke: Wand              |       |     4 |    10 |    26 |     5 ||    45
  Use: Potion            |       |     2 |       |     4 |     1 ||     7
       Scroll            |       |     4 |    14 |    18 |    12 ||    48
 Stab: Sleeping          |       |     1 |       |       |       ||     1
       Paralysed         |       |       |       |     8 |     5 ||    13
       Held in net/web   |       |       |       |     3 |       ||     3
       Petrified         |       |       |       |       |     2 ||     2
       Invisible         |       |       |       |       |     5 ||     5
       Distracted        |       |       |       |       |     1 ||     1
  Eat: Chunk             |     3 |     8 |    12 |    15 |     5 ||    43
       Royal jelly       |       |       |     3 |     7 |     2 ||    12
       Fruit             |       |       |     1 |     2 |     2 ||     5
       Bread ration      |       |       |       |     4 |     2 ||     6
Armor: Scale mail        |    41 |    54 |   187 |       |       ||   282
       Chain mail        |       |       |    39 |   314 |       ||   353
       Steam dragon scal |       |       |     5 |       |       ||     5
       Plate armour      |       |       |       |   329 |   218 ||   547
       Skin              |       |       |       |    14 |       ||    14
       Gold dragon scale |       |       |       |       |    93 ||    93
Dodge: Dodged            |    19 |    31 |   110 |   221 |   136 ||   517
Block: Shield            |    42 |    71 |   217 |   523 |   326 ||  1179
